Map: Submarine LE

Players

Zest - Winner!

  • Race: Protoss Protoss
  • Spawn Location: 11:00

LiquidClem (Clem)

  • Race: Terran Terran
  • Spawn Location: 5:00

Event: StayAtHomestory Cup #2

VOD

Have the link to the VOD?

Description

Time

  • Played on: June 13, 2020, 6:43 a.m.
  • Length: 12:42

All games in this series

Show
View Real Time Build Order
Export as new Build Order

Zest Protoss - Winner!

Build Orders: 1 Gate Expand, Oracle Opening 

Get SALT Encoding   

  12  0:01  Probe  
  13  0:13  Probe  
  14  0:19  Pylon  
  14  0:24  Probe  
  15  0:33  Probe  
  15  0:37  Gateway  
  15  0:41  Probe  
  16  0:48  Assimilator  
  17  0:51  Probe  
  18  1:03  Probe  
  19  1:15  Probe  
  20  1:25  Cybernetics Core  
  20  1:32  Nexus  
  20  1:35  Probe  
  21  1:42  Pylon  
  21  1:47  Probe  
  21  1:50  Assimilator  
  21  1:51  Adept  
  22  1:59  Probe  
  25  2:07  Shield Battery  
  25  2:10  Warp Gate  
  25  2:11  Adept  
  27  2:24  Pylon  
  27  2:26  Probe  
  26  2:38  Adept, Probe  
  26  2:43  Stargate  
  29  2:51  Probe  
  29  2:53  Probe  
  31  3:03  Probe  
  32  3:07  Probe  
  33  3:15  Probe  
  33  3:19  Probe  
  35  3:22  Oracle  
  33  3:28  Probe  
  33  3:31  Probe  
  38  3:40  Probe  
  37  3:43  Probe  
  38  3:52  Probe  
  38  3:53  Oracle  
  39  3:55  Probe  
  39  3:57  Stalker  
  39  4:01  Gateway  
  43  4:04  Probe  
  43  4:08  Probe  
  45  4:16  Probe  
  46  4:20  Probe  
  46  4:23  Pylon  
  47  4:24  Twilight Council, Pylon  
  47  4:28  Probe  
  47  4:31  Zealot  
  50  4:34  Shield Battery  
  50  4:35  Pylon  
  50  4:36  Gateway  
  50  4:42  Blink  
  50  4:56  Probe  
  50  4:59  Stalker x2  
  52  5:06  Probe  
  52  5:08  Probe  
  50  5:14  Gateway x2  
  50  5:17  Pylon  
  50  5:18  Probe, Assimilator  
  51  5:33  Nexus  
  50  5:41  Sentry, Stalker  
  54  5:49  Stalker  
  56  5:52  Probe x2  
  57  6:07  Stalker x2  
  57  6:09  Probe x2  
  63  6:13  Stalker x2  
  63  6:17  Stalker  
  69  6:23  Probe x2  
  69  6:24  Pylon  
  71  6:35  Probe x2  
  73  6:41  Pylon  
  73  6:43  Probe x2  
  74  6:47  Protoss Ground Weapons Level 1  
  74  6:48  Charge  
  74  6:49  Forge, Probe  
  74  6:51  Probe  
  74  6:53  Probe  
  76  6:58  Probe  
  76  7:00  Probe  
  79  7:05  Probe  
  81  7:10  Probe  
  81  7:13  Probe  
  83  7:16  Pylon  
  83  7:20  Gateway  
  83  7:22  Gateway x2  
  83  7:24  Templar Archives, Assimilator  
  83  7:25  Assimilator, Pylon  
  83  7:29  Probe x3  
  86  7:30  Pylon  
  86  7:37  Stalker x3  
  86  7:38  Stalker  
  88  7:54  Probe x2  
  88  7:55  Probe  
  91  7:59  Gateway  
  91  8:00  Gateway  
  91  8:07  High Templar x2  
  91  8:08  Zealot x3  
  91  8:10  Probe x2, Pylon  
  91  8:11  Archon, Probe  
  104  8:22  Probe  
  103  8:27  Zealot x3  
  109  8:38  Zealot x3  
  109  8:41  Zealot x2  
  118  8:48  Stalker  
  118  8:49  Stalker x2  
  90  9:04  Zealot x7  
  104  9:13  Psionic Storm  
  103  9:18  Zealot x3  
  109  9:25  High Templar x4  
  117  9:42  Sentry, Zealot  
  117  9:43  Zealot x4  
  129  9:47  Pylon  
  129  9:50  Probe  
  119  9:53  Probe x2  
  119  9:58  Probe  
  119  9:59  Stalker x2  
  126  10:01  Stalker  
  126  10:05  Probe  
  128  10:07  Probe  
  128  10:08  Probe, High Templar  
  128  10:09  High Templar  
  126  10:21  Archon  
  126  10:26  Zealot, Stalker x4  
  136  10:35  Stalker  
  136  10:36  Stalker  
  133  10:54  High Templar x2, Zealot  
  133  10:55  Zealot x5  
  149  11:04  Pylon  
  149  11:06  Pylon  
  149  11:18  Archon  
  145  11:29  Zealot x3  
  145  11:30  Zealot x7  
  153  11:38  Archon  
  135  11:49  Zealot  
  135  11:50  High Templar, Zealot x2  
  135  11:51  High Templar x4  
  105  12:16  Zealot x3  
  105  12:17  Zealot x2  
  111  12:36  Archon x2  
Show
View Real Time Build Order
Export as new Build Order

LiquidClem Terran 

Build Orders: Reaper Expand 

Get SALT Encoding   

  12  0:00  SCV  
  13  0:12  SCV  
  14  0:16  Supply Depot  
  14  0:25  SCV  
  15  0:38  SCV  
  15  0:39  Barracks  
  15  0:42  Refinery  
  16  0:50  SCV  
  17  1:02  SCV  
  18  1:14  SCV  
  19  1:27  Reaper, Orbital Command  
  20  1:46  Command Center  
  20  1:51  Supply Depot  
  20  1:53  SCV  
  21  1:59  Marine  
  22  2:06  Factory  
  22  2:10  SCV  
  23  2:16  Bunker  
  23  2:20  Barracks Reactor  
  23  2:23  Refinery  
  23  2:26  SCV  
  24  2:38  SCV  
  25  2:50  SCV  
  25  2:51  Hellion  
  28  2:54  Starport  
  27  2:59  Orbital Command  
  27  3:02  SCV, Marine  
  30  3:13  Hellion  
  30  3:14  SCV  
  31  3:26  SCV x2  
  33  3:30  Marine  
  34  3:37  Medivac  
  34  3:38  SCV x2, Widow Mine  
  38  3:45  Marine  
  38  3:48  Marine  
  39  3:50  SCV  
  39  3:51  SCV  
  41  4:02  SCV, Marine  
  44  4:03  SCV  
  44  4:05  Factory Tech Lab  
  44  4:06  Marine  
  43  4:14  SCV  
  43  4:15  SCV  
  45  4:20  Marine  
  45  4:26  SCV  
  45  4:28  Supply Depot  
  46  4:31  SCV, Siege Tank, Viking  
  46  4:33  Marine  
  46  4:36  Supply Depot  
  53  4:38  SCV  
  54  4:49  SCV, Marine  
  54  4:50  SCV  
  54  4:51  Marine  
  53  5:02  SCV x2  
  53  5:04  Viking  
  54  5:07  Marine  
  54  5:08  Marine  
  54  5:10  Siege Tank  
  54  5:14  SCV x2  
  61  5:25  Marine  
  61  5:26  SCV, Marine  
  64  5:29  SCV  
  64  5:34  Barracks  
  65  5:36  Barracks  
  65  5:38  Supply Depot  
  65  5:40  SCV  
  66  5:45  SCV  
  66  5:48  Supply Depot  
  66  5:49  Viking  
  69  5:52  Marine  
  70  5:59  Marine  
  70  6:00  SCV  
  70  6:01  SCV, Supply Depot  
  73  6:06  Engineering Bay  
  73  6:10  Factory Reactor, Refinery  
  73  6:12  SCV  
  73  6:13  SCV  
  73  6:16  Marine  
  76  6:23  Starport Reactor, Barracks Tech Lab  
  76  6:24  SCV  
  76  6:25  SCV  
  78  6:31  Stimpack  
  80  6:32  Marauder  
  80  6:33  Terran Infantry Weapons Level 1  
  80  6:36  SCV  
  80  6:37  SCV, Supply Depot  
  82  6:40  Combat Shield  
  82  6:43  Marauder  
  82  6:47  Refinery  
  84  6:48  SCV, Marine x2  
  84  6:49  SCV  
  90  6:54  Marauder  
  90  7:00  SCV, Supply Depot  
  88  7:08  Marine x2  
  88  7:11  Medivac x2  
  88  7:14  Marauder  
  95  7:16  Supply Depot  
  95  7:22  Command Center  
  95  7:26  Marauder  
  97  7:30  Supply Depot  
  97  7:32  Marine x2  
  97  7:35  Widow Mine x2  
  103  7:39  Supply Depot  
  103  7:45  Marauder  
  103  7:48  Marauder  
  103  7:49  SCV x2  
  105  7:53  Marine x2, Supply Depot  
  105  7:58  Medivac x2  
  111  8:00  Missile Turret  
  111  8:08  Widow Mine x2  
  117  8:13  Marine x2, Marauder  
  117  8:15  Marauder  
  119  8:22  Barracks  
  119  8:26  Barracks  
  118  8:29  Supply Depot  
  118  8:30  SCV x2  
  118  8:33  Marine x2  
  124  8:34  Marauder  
  124  8:39  Terran Infantry Armor Level 1  
  124  8:43  Marauder  
  123  8:54  Widow Mine x2  
  111  8:55  Marauder  
  111  8:56  Marine x2  
  111  8:57  SCV  
  111  9:02  Orbital Command  
  105  9:04  Marauder  
  105  9:08  SCV  
  105  9:09  SCV  
  109  9:11  Medivac x2  
  109  9:12  Barracks Tech Lab  
  109  9:13  Barracks Reactor  
  113  9:19  Marine x2, Ghost Academy  
  113  9:21  SCV, Widow Mine x2  
  122  9:24  SCV, Marauder  
  122  9:25  Marine  
  122  9:31  Marauder  
  122  9:33  SCV  
  122  9:35  SCV  
  122  9:36  SCV  
  123  9:39  Marine x2  
  123  9:43  Marauder  
  131  9:45  Marauder  
  131  9:46  SCV, Widow Mine x2  
  131  9:52  Marauder  
  128  9:56  Medivac x2  
  128  9:57  Marine x2  
  128  9:59  SCV  
  135  10:02  SCV  
  136  10:07  Marine x2, Widow Mine  
  136  10:08  Marauder x2  
  136  10:10  Widow Mine  
  142  10:14  Ghost  
  142  10:18  Concussive Shells  
  137  10:23  SCV x2  
  137  10:24  Marine x2, Refinery x2  
  141  10:28  Ghost  
  141  10:29  Marauder  
  141  10:33  SCV  
  146  10:35  SCV  
  146  10:41  Command Center  
  147  10:43  Armory  
  147  10:44  Engineering Bay  
  147  10:46  Ghost  
  147  10:49  Marine x2  
  148  10:50  Ghost, Marine  
  148  10:51  Marine  
  148  10:54  Medivac  
  148  10:56  Widow Mine  
  156  11:03  Supply Depot  
  156  11:05  Ghost  
  156  11:11  Widow Mine  
  158  11:14  Ghost  
  158  11:19  Marine x2  
  158  11:21  Marauder  
  159  11:26  Marine  
  159  11:29  Marine  
  159  11:34  Marauder  
  159  11:39  Widow Mine  
  149  11:40  Barracks, Marine x2, Widow Mine  
  149  11:41  Barracks x2  
  149  11:42  Marauder  
  149  11:43  Medivac x2  
  125  12:02  Marauder  
  125  12:03  SCV x2  
  125  12:05  Marine x2  
  125  12:07  Marine x2  
  129  12:08  Marauder  
  129  12:10  Marauder  
Tags
 
Add a new tag
Caveats
  • Supply blocks, unpowered buildings, or Contaminate may cause inaccurate times.
  • Supply counts are checked every 10 seconds.